AoeStats
← Bremmel

Arabia

505205218Analyzed
1v1 RM · 25d ago on Sep 8, 2026· 30m 8s· 2 players
Game mode
Random Map
Map size
Tiny (2 player)
Population
200
Speed
Normal
Resources
Standard
Victory
Conquest
Starting age
Dark Age
Ending age
Imperial Age
RankedLock teamsTeams togetherTeam positionsShared explorationLock speedFull tech treeHidden civsTurbo modeCheats
Victory
Defeat
🇯🇵 Burgundians · Japan
644
+18
🇩🇪 Persians · Germany
695
-29
Bremmel
3:33 Loom
16:47 Feudal Age
27:56 Man-at-Arms
30:55 Castle Age
TangentRain77
13:40 Feudal Age
18:56 Loom
25:57 Castle Age
24:05 Double-Bit Axe
29:54 Scale Barding Armor
Connection lost

Rejoining the realm…

Still unreachable

The connection could not be restored.

Session expired

The server has moved on; the page needs a fresh start.